 Dungeon Crawl Stone Soup version 0.25.1-2-g60ff931df9 (webtiles) character file.

Game seed: 15617988638899086237

18507 IcyTea the Bludgeoner (level 12, 0/104 HPs)
             Began as a Minotaur Fighter on Oct 3, 2020.
             Was a High Priest of Makhleb.
             Slain by Jorgrun
             ... wielding an uncursed staff of earth
              (17 damage)
             ... on level 15 of the Dungeon.
             The game lasted 00:45:19 (13954 turns).

IcyTea the Bludgeoner (Minotaur Fighter)           Turns: 13954, Time: 00:45:20

Health: 0/104      AC: 16    Str: 23    XL:     12   Next: 28%
Magic:  0/25       EV:  3    Int:  6    God:    Makhleb [*****.]
Gold:   566        SH: 12    Dex: 12    Spells: 11/13 levels left

rFire    . . .     SeeInvis .   a - +1 morningstar (freeze)
rCold    . . .     Gourm    .   c - +0 kite shield
rNeg     . . .     Faith    .   l - +1 plate armour
rPois    +         Spirit   +   (helmet restricted)
rElec    .         Reflect  .   F - scarf {repulsion}
rCorr    .         Harm     .   P - +0 pair of gloves
MR       .....                  (no boots)
Stlth    ..........             w - amulet of guardian spirit
HPRegen  0.27/turn              r - ring of poison resistance
MPRegen  0.19/turn              s - ring of magical power

@: mighty, grasped by roots, slowed, constricted, repel missiles, very slow
A: retaliatory headbutt, horns 2
a: Minor Destruction, Lesser Servant of Makhleb, Major Destruction, Greater
Servant of Makhleb, Renounce Religion


You were on level 15 of the Dungeon.
You worshipped Makhleb.
Makhleb was extremely pleased with you.
You were not hungry.

You visited 2 branches of the dungeon, and saw 15 of its levels.
You also visited: Bailey.

You collected 566 gold pieces.

Inventory:

Hand Weapons
 a - a +1 morningstar of freezing (weapon)
 b - a +4 mace of venom
 n - a +0 flail
 L - a +1 flail of holy wrath
Missiles
 h - 80 poisoned darts (quivered)
 i - 55 boomerangs
 Q - 3 boomerangs of dispersal
Armour
 c - a +0 kite shield (worn)
 l - a +1 plate armour (worn)
 F - a scarf of repulsion (worn)
 K - a +0 cloak of stealth
 P - a +0 pair of gloves (worn)
Jewellery
 r - a ring of poison resistance (left hand)
 s - a ring of magical power (right hand)
 w - an amulet of guardian spirit (around neck)
 I - an uncursed amulet of the acrobat
 O - an uncursed ring of fire
Wands
 z - a wand of polymorph (31)
 A - a wand of iceblast (29)
 B - a wand of disintegration (10)
 H - a wand of paralysis (5)
 M - a wand of flame (8)
Scrolls
 e - 6 scrolls of identify
 g - 5 scrolls of remove curse
 k - 4 scrolls of enchant armour
 t - 2 scrolls of amnesia
 u - a scroll of immolation {unknown}
 x - 7 scrolls of teleportation
 y - 4 scrolls of fog
 G - 2 scrolls of enchant weapon {unknown}
Potions
 d - 3 potions of might
 j - 6 potions of brilliance
 m - 6 potions of curing
 o - a potion of mutation
 q - 3 potions of lignification
 v - a potion of heal wounds
 C - 3 potions of haste
 D - 2 potions of stabbing
 E - a potion of berserk rage
Miscellaneous
 p - a box of beasts
 J - a tin of tremorstones (3/3)
Comestibles
 f - 36 rations
 N - a chunk of flesh


   Skills:
 - Level 9.0 Fighting
 - Level 16.0 Maces & Flails
 - Level 1.6 Throwing
 - Level 9.0 Armour
 + Level 10.0 Shields
 - Level 1.3 Spellcasting
 - Level 1.1 Hexes
 - Level 7.2 Invocations


You had 11 spell levels left.
You knew the following spells:

 Your Spells              Type           Power        Failure   Level  Hunger
a - Slow                  Hex            #.......     100%        2    ###....

Your spell library contained the following spells:

 Spells                   Type           Power        Failure   Level  Hunger
 Corona                   Hex            #......      100%        1    ##.....
 Foxfire                  Conj/Fire      #...         100%        1    ##.....
 Conjure Flame            Conj/Fire      #.......     100%        3    ####...
 Inner Flame              Hex/Fire       #.......     100%        3    ####...
 Portal Projectile        Hex/Tloc       #.....       100%        3    ####...
 Cause Fear               Hex            #.........   100%        4    #####..
 Ice Form                 Ice/Tmut       #.......     100%        4    #####..
 Leda's Liquefaction      Hex/Erth       #.........   100%        4    #####..
 Sticky Flame             Conj/Fire      #.......     100%        4    #####..
 Fireball                 Conj/Fire      #.........   100%        5    ######.
 Metabolic Englaciation   Hex/Ice        #.........   100%        5    ######.
 Freezing Cloud           Conj/Ice/Air   #.........   100%        6    #######
 Ozocubu's Refrigeration  Ice            #.........   100%        6    #######
 Simulacrum               Ice/Necr       #.........   100%        6    #######


Dungeon Overview and Level Annotations

Branches:
Dungeon (13/15)            Temple (1/1) D:4            Lair (0/6) D:11
    Orc (0/2) D:11         Bailey (visited)
 Vaults: D:13-14

Altars:
Ashenzari
Cheibriados
Dithmenos
Elyvilon
Fedhas
Gozag
Hepliaklqana
Kikubaaqudgha
Makhleb
Nemelex Xobeh
Okawaru
Qazlal
Ru
Sif Muna
Trog
Uskayaw
Vehumet
Wu Jian
Xom
Yredelemnul
Zin
The Shining One

Shops:
D:13 [

Annotations:
D:3 1 runed translucent door, chimenez's ghost, amateur TrMo
D:15 Jorgrun


Innate Abilities, Weirdness & Mutations

You reflexively headbutt those who attack you in melee.
You have a pair of horns on your head.


Message History

Jorgrun hits you with an uncursed staff of earth!
* * * LOW HITPOINT WARNING * * *
Jorgrun crushes you.
* * * LOW HITPOINT WARNING * * *
You block the wraith's attack.
You miss Jorgrun.
Jorgrun is severely wounded.
You block Jorgrun's attack. The wraith hits you but does no damage.
Jorgrun points at you and mumbles some strange words.
You struggle to resist.
You impale something!! You freeze something! You headbutt something.
Makhleb accepts your kill.
You feel better.
Reactivating autopickup.
Your Shields skill increases to level 10!
You feel a bit more experienced. You block the wraith's attack.
Jorgrun points at you and mumbles some strange words.
Roots burst forth from the earth!
The grasping roots grab you!
You die...

#.....
#....
.....
#...
#..#
#..#
#.W###.#
#@.....#
#g######


CR# ...# ../.# .....# ....... ........ You could see Jorgrun, a cyclops, an
efreet and a wraith.

Vanquished Creatures
  Fannar (D:12)
  A hydra (D:9)
  3 two-headed ogres
  An unseen horror (D:15)
  An ugly thing (D:13)
  A manticore (D:11)
  Maurice (D:9)
  A gargoyle (D:11)
  A komodo dragon (D:11)
  A troll (D:12)
  Grinder (D:5)
  A hornet (D:9)
  2 dream sheep (D:9)
  A hippogriff (D:13)
  A shadow (D:13)
  A wyvern (D:11)
  2 wraiths
  4 water elementals (D:12)
  20 yaks
  A hungry ghost (D:11)
  3 wargs (D:11)
  10 orc warriors
  3 sky beasts
  2 black bears (D:8)
  A necrophage (D:7)
  4 phantoms
  3 ogres
  2 eyes of draining (D:13)
  2 crocodiles
  4 centaurs
  4 big kobolds
  13 bullfrogs
  A wyvern skeleton (D:8)
  5 scorpions
  A water moccasin skeleton (D:6)
  9 wights
  4 howler monkeys
  2 crimson imps
  2 bullfrog zombies
  2 centaur zombies
  6 hounds
  A quasit (D:12)
  13 orc priests
  3 centaur skeletons (D:12)
  6 jellies
  3 iguanas
  22 orc wizards
  9 worker ants
  2 hound zombies (D:11)
  2 hound skeletons
  Robin (D:4)
  A worker ant zombie (D:6)
  A howler monkey skeleton (D:10)
  13 adders
  2 shadow imps
  2 oozes
  2 adder skeletons
  An adder zombie (D:8)
  3 worms
  A dart slug (D:1)
  3 leopard geckos
  58 orcs
  6 giant cockroaches
  31 goblins
  16 hobgoblins
  12 jackals
  30 kobolds
  A quokka (D:3)
  9 bats
  8 frilled lizards
  A quokka skeleton (D:8)
  5 rats (D:1)
397 creatures vanquished.

Vanquished Creatures (others)
  A plant (D:11)
1 creature vanquished.

Grand Total: 398 creatures vanquished

Notes
Turn   | Place    | Note
-------+----------+-------------------------------------------
     0 | D:1      | IcyTea the Minotaur Fighter began the quest for the Orb.
     0 | D:1      | Reached XP level 1. HP: 19/19 MP: 0/0
   131 | D:1      | Reached skill level 3 in Maces & Flails
   157 | D:1      | Reached XP level 2. HP: 26/26 MP: 1/1
   298 | D:1      | Reached skill level 4 in Maces & Flails
   547 | D:1      | Reached XP level 3. HP: 30/31 MP: 2/2
  1251 | D:2      | Reached skill level 5 in Maces & Flails
  1280 | D:2      | Reached XP level 4. HP: 27/39 MP: 3/3
  1484 | D:2      | Found a faded altar of an unknown god.
  1496 | D:2      | Found a snail-covered altar of Cheibriados.
  1873 | D:3      | Reached skill level 6 in Maces & Flails
  1909 | D:3      | Found a runed translucent door.
  1937 | D:3      | Noticed chimenez's ghost (amateur TrMo)
  2040 | D:3      | Found an iron altar of Okawaru.
  2057 | D:3      | Found a radiant altar of Vehumet.
  2311 | D:3      | Reached XP level 5. HP: 45/45 MP: 4/4
  2371 | D:3      | Found a shattered altar of Ashenzari.
  2373 | D:3      | Found a shimmering blue altar of Sif Muna.
  2439 | D:4      | Found a staircase to the Ecumenical Temple.
  2453 | Temple   | Entered the Ecumenical Temple
  3008 | D:4      | Reached skill level 7 in Maces & Flails
  3233 | D:4      | Reached XP level 6. HP: 35/51 MP: 5/5
  3516 | D:4      | Noticed Robin
  3525 | D:4      | Reached skill level 8 in Maces & Flails
  3535 | D:4      | Killed Robin
  3756 | D:4      | Found a glowing golden altar of the Shining One.
  4088 | D:5      | Entered Level 5 of the Dungeon
  4243 | D:5      | Noticed a sky beast
  4270 | D:5      | Killed a sky beast
  4270 | D:5      | Reached skill level 9 in Maces & Flails
  4298 | D:5      | Reached XP level 7. HP: 47/57 MP: 6/6
  4542 | D:5      | Noticed Grinder
  4552 | D:5      | Killed Grinder
  4552 | D:5      | Reached skill level 10 in Maces & Flails
  4712 | D:5      | Noticed an Executioner
  4713 | D:5      | Found a burning altar of Makhleb.
  4718 | D:5      | Found a glowing silver altar of Zin.
  4718 | D:5      | Noticed an angel
  4732 | D:5      | Became a worshipper of Makhleb the Destroyer
  4888 | D:5      | Found a stormy altar of Qazlal.
  4889 | D:5      | Found a bloodstained altar of Trog.
  4922 | D:6      | Reached skill level 11 in Maces & Flails
  4946 | D:6      | Reached XP level 8. HP: 45/64 MP: 7/7
  5257 | D:6      | Found a sparkling altar of Nemelex Xobeh.
  5477 | D:6      | Reached skill level 12 in Maces & Flails
  5487 | D:6      | Reached * piety under Makhleb
  5735 | D:7      | Reached skill level 13 in Maces & Flails
  6131 | D:7      | Reached skill level 1 in Invocations
  6439 | D:7      | Reached skill level 5 in Fighting
  6439 | D:7      | Reached XP level 9. HP: 74/74 MP: 9/9
  7255 | D:8      | Found a flagged portal.
  7266 | D:8      | Reached ** piety under Makhleb
  7274 | Bailey   | Entered a bailey
  7391 | Bailey   | Reached skill level 1 in Throwing
  7692 | Bailey   | Reached skill level 5 in Armour
  8479 | D:8      | Reached skill level 5 in Shields
  8910 | D:9      | Reached XP level 10. HP: 86/86 MP: 10/10
  9054 | D:9      | Reached *** piety under Makhleb
  9528 | D:9      | Reached skill level 14 in Maces & Flails
  9588 | D:9      | Noticed a three-headed hydra
  9594 | D:9      | Killed a three-headed hydra
  9594 | D:9      | Reached skill level 15 in Maces & Flails
  9728 | D:9      | Noticed Maurice
  9741 | D:9      | Paralysed by something for 3 turns
  9751 | D:9      | Killed Maurice
  9810 | D:10     | Entered Level 10 of the Dungeon
 10007 | D:10     | Noticed a two-headed ogre
 10018 | D:10     | Killed a two-headed ogre
 10018 | D:10     | Reached skill level 16 in Maces & Flails
 10272 | D:10     | Reached XP level 11. HP: 92/92 MP: 11/11
 11148 | D:11     | Reached **** piety under Makhleb
 11784 | D:11     | Found a staircase to the Lair.
 11814 | D:11     | Reached skill level 5 in Invocations
 12062 | D:11     | Found a staircase to the Orcish Mines.
 12079 | D:11     | Reached ***** piety under Makhleb
 12461 | D:12     | Learned a level 2 spell: Slow
 12774 | D:12     | Noticed Fannar
 12774 | D:12     | Noticed a two-headed ogre
 12791 | D:12     | Killed Fannar
 13036 | D:12     | Killed a two-headed ogre
 13354 | D:12     | Reached XP level 12. HP: 103/103 MP: 16/16
 13384 | D:12     | Got a jasper-studded leather armour
 13385 | D:12     | Identified the cursed +0 leather armour "Munyrir" {-Tele
                  | Str+8} (You found it on level 12 of the Dungeon)
 13450 | D:12     | Reached skill level 1 in Spellcasting
 13515 | D:13     | Reached skill level 1 in Hexes
 13587 | D:13     | Noticed a two-headed ogre
 13596 | D:13     | Killed a two-headed ogre
 13847 | D:13     | Found Tixoiff's Antique Armour Shoppe.
 13935 | D:13     | You fall into a shaft and drop 2 floors!
 13935 | D:15     | Entered Level 15 of the Dungeon
 13935 | D:15     | Noticed Jorgrun
 13949 | D:15     | HP: 4/104 [wraith (3)]
 13954 | D:15     | Reached skill level 10 in Shields
 13954 | D:15     | Slain by Jorgrun

Illustrated notes

Levels and vault maps discovered:
D:1:      mrwooster_arrival_statue, layout_basic, minmay_tiny_reverse_x
D:2:      layout_rooms, cheibriados_altar_1,
          chequers_ecumenical_altar_simple_redux
D:3:      layout_loops_cross, nicolae_overflow_hidden_temple,
          ebering_ghost_reflecting_pool
D:4:      layout_basic, lemuel_coloured_pillars_altar,
          minmay_temple_entry_ruins, first_ration, uniq_robin
D:5:      layout_basic, grunt_temple_overflow_order_and_chaos_2,
          gammafunk_temple_overflow_pools, uniq_grinder
D:6:      layout_gridville, kennysheep_mini_moat
D:7:      layout_loops_corners
D:8:      layout_loops_corners, enter_bailey_3
D:9:      layout_irregular_city, hangedman_ranch [blue_anna_fruit_fields],
          billiards_dpeg, uniq_maurice
D:10:     layout_basic
D:11:     layout_basic, erik_lair_orcish_takeover
D:12:     layout_long_grid, nicolae_underground_beach, uniq_fannar
D:13:     layout_small_grid, david_vaults_4, serial_shops, shop,
          kennysheep_little_box, shop, basic_altar, minivault_1
D:15:     hangedman_depths_entry_civil_slaughter, layout_small_grid,
          fedhas_altar_2, hangedman_abyss_or_decor_stabs,
          chequers_serial_rivers_micro_e, uniq_jorgrun
Temple:   minmay_temple_curvy_loop

Skill      XL: |  1  2  3  4  5  6  7  8  9 10 11 12 |
---------------+-------------------------------------+-----
Maces & Flails | 3 4 5 6 7 9 11 13 16 | 16.0
Invocations    | 2 7 |  7.2
Fighting       | 5 7 8 9 |  9.0
Throwing       | 1 |  1.6
Armour         | 6 7 9 |  9.0
Shields        | 6 8 10 | 10.0
Spellcasting   | 1 |  1.3
Hexes          | 1 |  1.1

Action                   |  1- 3 |  4- 6 |  7- 9 | 10-12 || total
-------------------------+-------+-------+-------+-------++-------
Melee: Flail             |   153 |   179 |    22 |       ||   354
       Headbutt          |    17 |    26 |    54 |   112 ||   209
       Morningstar       |       |       |   310 |   536 ||   846
       Mace              |       |       |       |    10 ||    10
Throw: Dart              |     1 |     9 |    64 |    14 ||    88
Invok: Minor Destruction |       |       |    14 |     6 ||    20
       Lesser Servant of |       |       |       |     2 ||     2
  Use: Potion            |       |       |    11 |     3 ||    14
       Scroll            |       |       |    13 |     4 ||    17
  Eat: Chunk             |     1 |     9 |    16 |    18 ||    44
Armor: Scale mail        |    15 |       |       |       ||    15
       Plate armour      |   100 |   121 |   160 |   261 ||   642
Dodge: Dodged            |    22 |    30 |    80 |    73 ||   205
       Repelled          |       |       |       |     6 ||     6
Block: Kite shield       |    83 |    91 |   197 |   240 ||   611
